 Dungeon Crawl Stone Soup version 0.25.1-2-g60ff931df9 (webtiles) character file.

Game seed: 15896231478497757376

3159 gbos the Cleaver (level 9, -16/81 HPs)
             Began as a Naga Fighter on Nov 19, 2020.
             Was a Priest of Okawaru.
             Demolished by a death yak (19 damage)
             ... on level 8 of the Dungeon.
             The game lasted 00:01:41 (7686 turns).

gbos the Cleaver (Naga Fighter)                     Turns: 7686, Time: 00:01:42

Health: -16/81     AC: 23    Str: 23    XL:     9   Next: 94%
Magic:  10/12      EV:  5    Int:  8    God:    Okawaru [***...]
Gold:   278        SH: 12    Dex: 10    Spells: 8/8 levels left

rFire    + . .     SeeInvis +   Y - +2 war axe
rCold    . . .     Gourm    .   c - +0 kite shield
rNeg     . . .     Faith    .   h - +0 plate armour
rPois    +         Spirit   .   w - +0 helmet
rElec    .         Reflect  .   r - +0 cloak
rCorr    .         Harm     .   n - +0 pair of gloves
MR       +....                  f - +1 naga barding {Fly}
Stlth    ..........             (no amulet)
HPRegen  0.23/turn              m - ring of protection from fire
MPRegen  0.13/turn              (no ring)

@: about to teleport, heroism, flying, very slow
A: large, see invisible, deformed body, poison resistance, slowness 2, slow
metabolism 1, spit poison 1, AC +3
a: Spit Poison, Heroism, Renounce Religion, Stop Flying


You were on level 8 of the Dungeon.
You worshipped Okawaru.
Okawaru was most pleased with you.
You were not hungry.

You visited 1 branch of the dungeon, and saw 8 of its levels.

You collected 278 gold pieces.


Innate Abilities, Weirdness & Mutations

You cannot wear boots.
Your serpentine skin is tough. (AC +3)
You have supernaturally acute eyesight. (SInv)
Armour fits poorly on your strangely shaped body.
Your system is resistant to poisons. (rPois)
You cover ground very slowly.
You have a slow metabolism.
You can spit poison.


   Skills:
 + Level 5.1(10.1) Fighting
 - Level 10.0(15.0) Axes
 - Level 4.2(9.2) Armour
 - Level 1.4(6.4) Dodging
 - Level 5.2(10.2) Shields
 - Level 4.0 Invocations


You had 8 spell levels left.
You didn't know any spells.
Your spell library was empty.

Inventory:

Hand Weapons
 l - a +0 flail of draining
 Y - a +2 war axe (weapon)
Armour
 c - a +0 kite shield (worn)
 f - a +1 naga barding of flying (worn)
 h - a +0 plate armour (worn)
 n - a +0 pair of gloves (worn)
 r - a +0 cloak (worn)
 w - a +0 helmet (worn)
Jewellery
 m - a ring of protection from fire (left hand)
Wands
 k - a wand of disintegration (15)
Scrolls
 a - 5 scrolls of teleportation
 g - a scroll of identify
 i - 3 scrolls of remove curse
Potions
 d - a potion of might
 j - a potion of cancellation
 o - a potion of resistance
 p - a potion of heal wounds
 q - a potion of invisibility {unknown}
 t - a potion of stabbing {unknown}
 u - 2 potions of curing
 v - a potion of ambrosia {unknown}
Comestibles
 b - 3 chunks of flesh
 e - 18 rations

Dungeon Overview and Level Annotations

Branches:
Dungeon (8/15)             Temple (0/1) D:5
   Lair: D:8-11

Altars:
Ashenzari
Fedhas
Makhleb
Okawaru
Uskayaw
Vehumet
Xom
Yredelemnul

Shops:
D:6 }

Annotations:
D:6 2 transporters, gbos's ghost, novice NaFi


Message History

You feel like a meek peon again.
The bullfrog hits you but does no damage.
You block the yak's attack.
7684 ||| INVOKING Heroism.
You gain the combat prowess of a mighty hero.
The bullfrog hits you but does no damage.
The death yak gores you! You block the yak's attack.
You block the bullfrog's attack.
You hit the yak but do no damage.
The yak is severely wounded.
You hit the bullfrog. You slash the death yak!
You hit the death yak but do no damage.
The death yak gores you but does no damage.
The bullfrog hits you. You block the yak's attack. The death yak gores you!
7686 ||| READING 6 scrolls of teleportation.
As you read the scroll of teleportation, it crumbles to dust.
You feel strangely unstable.
The bullfrog hits you but does no damage.
The death yak gores you!!
You die...

#.....#+#........
#........<.......
#........####....
#.........###. .
####...........
#.........>.
#............
#...Y.##.....
###..@Y.##.....
#...YYF..#.....
#.............
#..........#..
#.............
#.............
#....####.....
#.... ..... #....
....Y


You could see 2 death yaks, 2 yaks and a bullfrog.

Vanquished Creatures
  A death yak (D:8)
  Grinder (D:6)
  Sigmund (D:3)
  A human (D:7)
  4 hogs (D:7)
  Eustachio (D:5)
  Edmund (D:5)
  A black bear (D:7)
  A centaur (D:5)
  Blork the orc (D:4)
  A bullfrog (D:6)
  A gnoll sergeant (D:7)
  A scorpion (D:6)
  3 killer bees (D:7)
  A crimson imp (D:7)
  A quasit (D:5)
  A centaur skeleton (D:5)
  A centaur zombie (D:5)
  2 hounds
  An orc priest (D:7)
  An orc wizard (D:7)
  2 bullfrog skeletons
  An iguana (D:5)
  Ijyb (D:4)
  4 worker ants
  A killer bee zombie (D:8)
  A hound skeleton (D:4)
  A worker ant zombie (D:7)
  3 gnolls (D:6)
  8 adders
  2 worms (D:5)
  2 adder skeletons
  2 dart slugs
  7 leopard geckos
  13 orcs
  8 bats
  5 giant cockroaches
  7 goblins
  9 hobgoblins
  14 jackals
  5 kobolds
  3 quokkas
  A ball python (D:4)
  3 frilled lizards
  9 rats
139 creatures vanquished.

Notes
Turn   | Place    | Note
-------+----------+-------------------------------------------
     0 | D:1      | gbos the Naga Fighter began the quest for the Orb.
     0 | D:1      | Reached XP level 1. HP: 21/21 MP: 1/1
     0 | D:1      | 0 ||| counter = 249
     4 | D:1      | 4 ||| INVOKING Spit Poison.
    37 | D:1      | 37 ||| INVOKING Spit Poison.
    43 | D:1      | 43 ||| INVOKING Spit Poison.
   153 | D:1      | 153 ||| INVOKING Spit Poison.
   166 | D:1      | 166 ||| INVOKING Spit Poison.
   170 | D:1      | Reached XP level 2. HP: 28/28 MP: 2/2
   358 | D:1      | 358 ||| DROPPING +0 club.
   478 | D:1      | 478 ||| INVOKING Spit Poison.
   482 | D:1      | 482 ||| INVOKING Spit Poison.
   482 | D:1      | Reached skill level 3 in Axes
   505 | D:1      | 505 ||| INVOKING Spit Poison.
   531 | D:1      | 531 ||| INVOKING Spit Poison.
   568 | D:1      | 568 ||| INVOKING Spit Poison.
   593 | D:1      | Found an iron altar of Okawaru.
   595 | D:1      | 595 ||| INVOKING Spit Poison.
   600 | D:1      | Became a worshipper of Warmaster Okawaru
   603 | D:1      | 603 ||| SWAPPING to glowing hand axe.
   604 | D:1      | 604 ||| SWAPPING to +0 war axe.
   605 | D:1      | 605 ||| DROPPING +4 hand axe.
   718 | D:1      | You fall into a shaft and drop 1 floor!
   719 | D:2      | 719 ||| Shafted from D:1 to D:2.
   725 | D:2      | Reached XP level 3. HP: 17/34 MP: 3/3
   739 | D:2      | 739 ||| INVOKING Spit Poison.
   920 | D:2      | Found a basalt altar of Yredelemnul.
   944 | D:1      | 944 ||| Successfully unshafted to D:1.
   998 | D:1      | 998 ||| INVOKING Spit Poison.
  1046 | D:1      | 1046 ||| INVOKING Spit Poison.
  1166 | D:1      | 1166 ||| UPGRADING to shiny ring mail.
  1176 | D:1      | 1176 ||| READING 2 scrolls labeled ZOUDWO TOXTISSON.
  1177 | D:1      | 1177 ||| READING 3 scrolls labeled AWA FEM OFUER.
  1178 | D:1      | 1178 ||| READING 2 scrolls labeled DAL KUORGHOAK.
  1179 | D:1      | 1179 ||| UPGRADING to +0 scale mail.
  1189 | D:1      | 1189 ||| DROPPING +0 ring mail.
  1190 | D:1      | 1190 ||| UPGRADING to whip.
  1191 | D:1      | 1191 ||| SWAPPING to +0 war axe.
  1192 | D:1      | 1192 ||| READING scroll labeled DIHUX SIARCHURPHESY.
  1195 | D:1      | 1195 ||| READING scroll labeled NANACV COYKIE.
  1196 | D:1      | 1196 ||| DRINKING 3 smoky green potions.
  1197 | D:1      | 1197 ||| DROPPING scroll of immolation.
  1198 | D:1      | 1198 ||| DROPPING 2 potions of flight.
  1212 | D:2      | 1212 ||| INVOKING Spit Poison.
  1269 | D:2      | 1269 ||| UPGRADING to glowing whip.
  1270 | D:2      | 1270 ||| SWAPPING to +1 war axe.
  1271 | D:2      | 1271 ||| DROPPING +0 whip.
  1277 | D:2      | 1277 ||| INVOKING Spit Poison.
  1340 | D:2      | 1340 ||| INVOKING Spit Poison.
  1487 | D:2      | 1487 ||| INVOKING Spit Poison.
  1487 | D:2      | Reached skill level 4 in Axes
  1512 | D:2      | Found a blossoming altar of Fedhas.
  1514 | D:2      | 1514 ||| INVOKING Spit Poison.
  1515 | D:2      | 1515 ||| INVOKING Spit Poison.
  1581 | D:2      | 1581 ||| INVOKING Spit Poison.
  1582 | D:2      | 1582 ||| INVOKING Spit Poison.
  1589 | D:2      | 1589 ||| INVOKING Spit Poison.
  1591 | D:2      | 1591 ||| INVOKING Spit Poison.
  1598 | D:2      | 1598 ||| INVOKING Spit Poison.
  1601 | D:2      | 1601 ||| INVOKING Spit Poison.
  1767 | D:2      | 1767 ||| INVOKING Spit Poison.
  1833 | D:2      | 1833 ||| READING 2 scrolls of identify.
  1833 | D:2      | 1833 ||| IDENTIFYING inky potion
  1884 | D:3      | 1884 ||| INVOKING Spit Poison.
  1898 | D:3      | 1898 ||| INVOKING Spit Poison.
  1900 | D:3      | 1900 ||| INVOKING Spit Poison.
  1917 | D:3      | Reached XP level 4. HP: 16/42 MP: 4/4
  2156 | D:3      | 2156 ||| INVOKING Spit Poison.
  2221 | D:3      | 2221 ||| UPGRADING to runed flail.
  2222 | D:3      | 2222 ||| SWAPPING to +1 war axe.
  2223 | D:3      | 2223 ||| DROPPING +2 whip of electrocution.
  2232 | D:3      | 2232 ||| INVOKING Spit Poison.
  2262 | D:3      | 2262 ||| INVOKING Spit Poison.
  2313 | D:3      | 2313 ||| INVOKING Spit Poison.
  2314 | D:3      | 2314 ||| INVOKING Spit Poison.
  2329 | D:3      | 2329 ||| INVOKING Spit Poison.
  2354 | D:3      | HP: 9/42 [adder (4)]
  2355 | D:3      | 2355 ||| READING scroll of teleportation.
  2360 | D:3      | HP: 7/42 [poisoned by an adder]
  2367 | D:3      | HP: 6/42 [poisoned by an adder]
  2375 | D:3      | HP: 5/42 [poisoned by an adder]
  2704 | D:3      | 2704 ||| INVOKING Spit Poison.
  2723 | D:3      | Noticed Sigmund
  2733 | D:3      | HP: 8/42 [Sigmund/magic dart (5)]
  2734 | D:3      | Killed Sigmund
  2734 | D:3      | Reached * piety under Okawaru
  2734 | D:3      | Reached skill level 6 in Axes
  2734 | D:3      | Reached XP level 5. HP: 9/49 MP: 5/5
  2734 | D:3      | Reached XP level 6. HP: 10/56 MP: 6/6
  3074 | D:3      | 3074 ||| INVOKING Spit Poison.
  3075 | D:3      | 3075 ||| INVOKING Spit Poison.
  3199 | D:3      | 3199 ||| INVOKING Spit Poison.
  3246 | D:3      | 3246 ||| INVOKING Spit Poison.
  3247 | D:3      | 3247 ||| INVOKING Spit Poison.
  3319 | D:3      | 3319 ||| INVOKING Spit Poison.
  3378 | D:3      | 3378 ||| READING scroll labeled REPSETRAPP.
  3379 | D:3      | 3379 ||| READING 2 scrolls of identify.
  3379 | D:3      | 3379 ||| IDENTIFYING sapphire ring
  3380 | D:3      | 3380 ||| UPGRADING to ring of protection from fire.
  3432 | D:4      | 3432 ||| INVOKING Spit Poison.
  3437 | D:4      | 3437 ||| INVOKING Spit Poison.
  3438 | D:4      | 3438 ||| INVOKING Spit Poison.
  3450 | D:4      | 3450 ||| INVOKING Spit Poison.
  3491 | D:4      | Noticed Ijyb
  3494 | D:4      | 3494 ||| INVOKING Heroism.
  3494 | D:4      | Noticed Blork the orc
  3500 | D:4      | HP: 6/56 [acid (15)]
  3501 | D:4      | 3501 ||| READING scroll of teleportation.
  3528 | D:4      | 3528 ||| INVOKING Heroism.
  3533 | D:4      | Killed Ijyb
  3533 | D:4      | Reached skill level 1 in Invocations
  3539 | D:4      | 3539 ||| INVOKING Heroism.
  3540 | D:4      | HP: 10/56 [Blork the orc/+0 vorpal flail (3)]
  3543 | D:4      | Killed Blork the orc
  3543 | D:4      | Reached skill level 1 in Dodging
  3560 | D:4      | 3560 ||| INVOKING Heroism.
  3561 | D:4      | 3561 ||| INVOKING Spit Poison.
  3562 | D:4      | 3562 ||| INVOKING Spit Poison.
  4067 | D:4      | Found a radiant altar of Vehumet.
  4067 | D:4      | Found a shattered altar of Ashenzari.
  4075 | D:4      | 4075 ||| INVOKING Heroism.
  4171 | D:4      | Got a blackened chain mail
  4176 | D:4      | Found a faded altar of an unknown god.
  4178 | D:4      | Found a shimmering altar of Xom.
  4180 | D:4      | Found a faded altar of an unknown god.
  4310 | D:4      | 4310 ||| UPGRADING to chain mail.
  4320 | D:4      | 4320 ||| DROPPING +0 scale mail.
  4321 | D:4      | 4321 ||| UPGRADING to plate armour.
  4331 | D:4      | 4331 ||| DROPPING +0 chain mail.
  4332 | D:4      | 4332 ||| UPGRADING to blackened chain mail.
  4342 | D:4      | Identified the +2 chain mail "Jalem" {-Tele rPois MR+} (You
                  | found it on level 4 of the Dungeon)
  4342 | D:4      | 4342 ||| UPGRADING to +0 plate armour.
  4352 | D:4      | 4352 ||| DROPPING +2 chain mail "Jalem" {-Tele rPois MR+}.
  4353 | D:4      | 4353 ||| READING scroll labeled KEB NITHOVYTT.
  4354 | D:4      | 4354 ||| READING scroll labeled QEKIUG VYK AHI.
  4355 | D:4      | 4355 ||| DRINKING 2 murky ruby potions.
  4386 | D:4      | 4386 ||| DRINKING 2 fuming pink potions.
  4387 | D:4      | 4387 ||| READING 2 scrolls of identify.
  4387 | D:4      | 4387 ||| IDENTIFYING orange potion
  4388 | D:4      | 4388 ||| DROPPING potion of berserk rage.
  4400 | D:5      | Entered Level 5 of the Dungeon
  4435 | D:5      | Noticed Edmund
  4435 | D:5      | Noticed Eustachio
  4440 | D:5      | 4440 ||| INVOKING Heroism.
  4453 | D:5      | 4453 ||| INVOKING Heroism.
  4454 | D:5      | Killed Edmund
  4454 | D:5      | Reached skill level 3 in Invocations
  4454 | D:5      | Reached XP level 7. HP: 42/62 MP: 4/9
  4465 | D:5      | 4465 ||| INVOKING Heroism.
  4470 | D:5      | Killed Eustachio
  4470 | D:5      | Reached skill level 7 in Axes
  4476 | D:5      | Reached ** piety under Okawaru
  4481 | D:5      | 4481 ||| INVOKING Heroism.
  4583 | D:5      | 4583 ||| EATING 10 rations.
  4656 | D:5      | 4656 ||| INVOKING Spit Poison.
  4703 | D:5      | 4703 ||| INVOKING Spit Poison.
  4776 | D:5      | 4776 ||| INVOKING Spit Poison.
  4777 | D:5      | 4777 ||| INVOKING Spit Poison.
  4850 | D:5      | 4850 ||| INVOKING Heroism.
  4976 | D:5      | Found a staircase to the Ecumenical Temple.
  5056 | D:5      | Found a burning altar of Makhleb.
  5070 | D:5      | 5070 ||| INVOKING Spit Poison.
  5083 | D:5      | 5083 ||| INVOKING Spit Poison.
  5084 | D:5      | Reached XP level 8. HP: 62/69 MP: 11/11
  5218 | D:5      | 5218 ||| INVOKING Spit Poison.
  5564 | D:5      | 5564 ||| INVOKING Heroism.
  5568 | D:5      | Reached skill level 8 in Axes
  5674 | D:5      | 5674 ||| EATING 11 rations.
  5726 | D:5      | 5726 ||| UPGRADING to cloak.
  5731 | D:5      | 5731 ||| READING scroll labeled GYGOPH GIYRE.
  5731 | D:5      | Identified a scroll of acquirement
  5731 | D:5      | 5731 ||| ACQUIRING +1 naga barding of flying
  5731 | D:5      | Acquired a +1 naga barding of flying
  5733 | D:5      | 5733 ||| UPGRADING to +1 naga barding of flying.
  5738 | D:5      | 5738 ||| READING 2 scrolls of identify.
  5738 | D:5      | 5738 ||| IDENTIFYING metallic golden potion
  5739 | D:5      | 5739 ||| DROPPING potion of lignification.
  5803 | D:6      | 5803 ||| INVOKING Spit Poison.
  5807 | D:6      | 5807 ||| STAIRDANCE
  5863 | D:6      | Found a transporter.
  5948 | D:6      | Reached skill level 3 in Armour
  6023 | D:6      | Found Koyninor's Gadget Shoppe.
  6041 | D:6      | Found a hide-covered altar of Uskayaw.
  6057 | D:6      | Noticed Grinder
  6061 | D:6      | Paralysed by Grinder for 4 turns
  6078 | D:6      | 6078 ||| INVOKING Heroism.
  6083 | D:6      | Killed Grinder
  6272 | D:6      | Found a transporter.
  6273 | D:6      | Noticed gbos's ghost (novice NaFi)
  6295 | D:6      | 6295 ||| INVOKING Heroism.
  6296 | D:6      | 6296 ||| INVOKING Spit Poison.
  6393 | D:6      | 6393 ||| UPGRADING to pair of gloves.
  6398 | D:6      | 6398 ||| READING scroll labeled TINTIO NOATEO.
  6399 | D:6      | 6399 ||| READING 2 scrolls labeled HEQERI WOIPP.
  6400 | D:6      | 6400 ||| DRINKING 2 red potions.
  6401 | D:6      | 6401 ||| DROPPING scroll of fear.
  6412 | D:7      | 6412 ||| STAIRDANCE
  6421 | D:7      | 6421 ||| STAIRDANCE
  6423 | D:6      | 6423 ||| INVOKING Heroism.
  6432 | D:6      | Reached skill level 3 in Shields
  6479 | D:7      | 6479 ||| STAIRDANCE
  6506 | D:7      | 6506 ||| STAIRDANCE
  6573 | D:7      | 6573 ||| INVOKING Spit Poison.
  6612 | D:7      | 6612 ||| INVOKING Spit Poison.
  6619 | D:7      | 6619 ||| INVOKING Heroism.
  6791 | D:7      | 6791 ||| INVOKING Spit Poison.
  6797 | D:7      | 6797 ||| INVOKING Spit Poison.
  6848 | D:7      | 6848 ||| INVOKING Spit Poison.
  6848 | D:7      | Reached skill level 9 in Axes
  6929 | D:7      | 6929 ||| READING scroll of enchant weapon.
  6929 | D:7      | 6929 ||| ENCHANTING +1 war axe.
  7073 | D:7      | 7073 ||| INVOKING Spit Poison.
  7087 | D:7      | Reached XP level 9. HP: 68/80 MP: 12/12
  7210 | D:7      | 7210 ||| INVOKING Spit Poison.
  7336 | D:7      | 7336 ||| INVOKING Heroism.
  7548 | D:7      | 7548 ||| INVOKING Heroism.
  7549 | D:7      | 7549 ||| INVOKING Spit Poison.
  7561 | D:7      | Reached *** piety under Okawaru
  7565 | D:7      | Reached skill level 10 in Axes
  7598 | D:7      | 7598 ||| UPGRADING to helmet.
  7603 | D:7      | 7603 ||| UPGRADING to ruby ring.
  7604 | D:7      | 7604 ||| REMOVING ring of see invisible.
  7605 | D:7      | 7605 ||| DROPPING ring of see invisible.
  7621 | D:8      | 7621 ||| INVOKING Spit Poison.
  7622 | D:8      | 7622 ||| STAIRDANCE
  7666 | D:8      | Noticed a death yak
  7667 | D:8      | 7667 ||| INVOKING Heroism.
  7668 | D:8      | 7668 ||| INVOKING Spit Poison.
  7668 | D:8      | Noticed a death yak
  7674 | D:8      | Noticed a death yak
  7681 | D:8      | Killed a death yak
  7684 | D:8      | 7684 ||| INVOKING Heroism.
  7685 | D:8      | HP: 19/81 [bullfrog (4)]
  7685 | D:8      | HP: 3/81 [death yak (16)]
  7686 | D:8      | 7686 ||| READING 6 scrolls of teleportation.
  7686 | D:8      | Demolished by a death yak

Levels and vault maps discovered:
D:1:      dpeg_arrival_ratfight, layout_basic, okawaru_ov_weapons_minmay
D:2:      layout_rooms, marbit_many_paths, fedhas_altar_fruit_tree
D:3:      layout_loops_ring, uniq_sigmund
D:4:      layout_rooms, chequers_temple_overflow_minitemple, uniq_blork_the_orc,
          uniq_ijyb
D:5:      layout_basic, lemuel_doored_altar, minmay_temple_entry_fiery,
          first_ration, uniq_edmund, uniq_eustachio
D:6:      layout_rooms, overflow_temple_1_default, gammafunk_ghost_mausoleum,
          serial_shops, shop, uniq_grinder
D:7:      layout_basic, grunt_livestock
D:8:      cheibrodos_grave_circle, layout_basic, dpeg_lair_monsters,
          special_room [special_room_orc], basic_altar, minivault_19,
          minmay_misc_feat_diagonals, uniq_maggie

Skill      XL: |  1  2  3  4  5  6  7  8  9 |
---------------+----------------------------+-----
Axes           | 3 4 6 7 9 10 | 10.0
Invocations    | 3 4 |  4.0
Dodging        | 1 |  1.4
Armour         | 3 4 |  4.2
Fighting       | 4 5 |  5.1
Shields        | 3 5 |  5.2

Action                   |  1- 3 |  4- 6 |  7- 9 || total
-------------------------+-------+-------+-------++-------
Melee: War axe           |   113 |   133 |   298 ||   544
Invok: Heroism           |       |     7 |    12 ||    19
 Abil: Spit Poison       |    26 |    14 |    18 ||    58
  Use: Scroll            |     6 |     7 |     6 ||    19
       Potion            |     1 |     2 |     1 ||     4
  Eat: Chunk             |     4 |     6 |     4 ||    14
       Ration            |       |       |     2 ||     2
Armor: Scale mail        |    57 |    47 |       ||   104
       Plate armour      |       |    10 |   226 ||   236
Dodge: Dodged            |    22 |    25 |    23 ||    70
Block: Kite shield       |    72 |    54 |   143 ||   269

Table legend:
 A = Non-vault XP
 B = Vault XP
 C = Vault XP percentage of total XP
 D = Non-vault monster count
 E = Vault monster count
 F = Vault count percentage of total count
                 A         B        C        D         E       F
            +---------+---------+-------+---------+---------+-------
      Total |    1680 |    2833 |  62.8 |     121 |      18 |  12.9
            +---------+---------+-------+---------+---------+-------
        D:1 |      27 |       5 |  15.6 |      15 |       5 |  25.0
        D:2 |      41 |       2 |   4.7 |      17 |       1 |   5.6
        D:3 |      71 |     223 |  75.9 |      19 |       1 |   5.0
        D:4 |      94 |     135 |  59.0 |      12 |       2 |  14.3
        D:5 |     408 |     355 |  46.5 |      22 |       2 |   8.3
        D:6 |     258 |     290 |  52.9 |      11 |       1 |   8.3
        D:7 |     752 |     962 |  56.1 |      24 |       5 |  17.2
        D:8 |      29 |     861 |  96.7 |       1 |       1 |  50.0
            +---------+---------+-------+---------+---------+-------
